 Dungeon Sprint DCSS version 0.30-a0-953-g5f1da4a474 (webtiles) character file.

Game seed: 11568039072254470521

1013 Darkkill the Covert (level 8, -9/57 HPs)
             Began as a Gargoyle Monk on Mar 28, 2023.
             Was a Priest of Nemelex Xobeh.
             Mangled by a deep troll (13 damage)
             ... in the Dungeon (Sprint VII: "The Pits").
             The game lasted 00:04:20 (691 turns).

Darkkill the Covert (Gargoyle Monk)                  Turns: 691, Time: 00:04:21

Health: -9/57      AC:  7    Str: 17    XL:     8   Next: 21%
Magic:  8/8        EV: 15    Int: 11    God:    Nemelex Xobeh [***...]
Gold:   0          SH:  0    Dex: 12    Spells: 7/7 levels left

rFire   . . .      SeeInvis .    d - +3 quarterstaff (protect)
rCold   . . .      Faith    .    (shield currently unavailable)
rNeg    + . .      Spirit   .    b - +0 robe
rPois   ∞          Reflect  .    (no helmet)
rElec   +          Rampage  .    (no cloak)
rCorr   .          NoTele   +    (no gloves)
Will    .....                    (no boots)
Stlth   ++++                     (no amulet)
HPRegen 0.29/turn                (no ring)
MPRegen 0.11/turn                (no ring)

@: no status effects
A: sickness immunity, AC +5, negative energy resistance 1, electricity
resistance, torment resistance 1, petrification resistance
a: Renounce Religion, Draw Escape, Draw Destruction, Draw Summoning, Triple Draw


You were in the Dungeon.
You worshipped Nemelex Xobeh.
Nemelex Xobeh was most pleased with you.
You visited 1 branch

Inventory:

Hand Weapons
 d - a +3 quarterstaff of protection (weapon)
Missiles
 j - 11 stones (quivered)
Armour
 b - a +0 robe (worn)
Scrolls
 l - 5 scrolls of amnesia
 m - a scroll of butterflies
Potions
 a - 2 potions of invisibility
 c - a potion of ambrosia
 f - a potion of haste
 g - 4 potions of magic
 h - 3 potions of berserk rage
 k - 5 potions of curing {@q1}


   Skills:
 + Level 10.2 Fighting
 + Level 9.4 Maces & Flails
 + Level 7.8 Dodging
 + Level 10.7 Stealth


You had 7 spell levels left.
You didn't know any spells.
Your spell library was empty.

Dungeon Overview and Level Annotations

Branches:
Dungeon (1/1)

Altars:
Ashenzari
Cheibriados
Dithmenos
Elyvilon
Fedhas
Gozag
Hepliaklqana
Kikubaaqudgha
Makhleb
Nemelex Xobeh
Okawaru
Qazlal
Ru
Sif Muna
Trog
Uskayaw
Vehumet
Wu Jian
Xom
Yredelemnul
Zin
The Shining One
Jiyva
Lugonu


Innate Abilities, Weirdness & Mutations

You are immune to sickness and miasma.
Your stone body is resilient. (AC +5)
You are immune to poison.
You resist negative energy. (rN+)
You are resistant to electric shocks. (rElec)
You are resistant to unholy torment.
You are immune to petrification.


Message History

You barely miss the orange demon.
The orange demon is almost dead.
The orange demon stings you but does no damage.
The orange demon barely misses you.
You closely miss the orange demon.
The orange demon is almost dead.
The orange demon stings you but does no damage.
The orange demon hits you.
You hit the orange demon but do no damage.
The orange demon is almost dead.
The orange demon stings you. The orange demon completely misses you.
You thump the orange demon!
You kill the orange demon!
Your Fighting skill increases to level 10!
Your Maces & Flails skill increases to level 9!
Your Stealth skill increases to level 10!
You have reached level 8!
You feel stronger.
You hit the scorpion.
The scorpion is lightly wounded.
The scorpion stings you.
You thump the scorpion!
The scorpion is severely wounded.
You sock the deep troll!
The deep troll is lightly wounded.
The deep troll closely misses you.
The deep troll claws you but does no damage.
The deep troll barely misses you.
You closely miss the deep troll.
The deep troll is lightly wounded.
The deep troll bites you but does no damage.
The deep troll claws you but does no damage.
The deep troll claws you!
You sock the deep troll!
The deep troll is moderately wounded.
The deep troll closely misses you. The deep troll misses you.
The deep troll barely misses you.
You hit the deep troll but do no damage.
The deep troll is moderately wounded.
The deep troll misses you. x2
The deep troll claws you but does no damage.
You sock the deep troll!
The deep troll is heavily wounded.
The deep troll bites you! The deep troll claws you!
* * * LOW HITPOINT WARNING * * *
The deep troll claws you but does no damage.
You feel much better. The deep troll misses you.
The deep troll claws you but does no damage.
The deep troll barely misses you.
You feel much better. The deep troll bites you! The deep troll misses you. x2
You hit the deep troll.
The deep troll is heavily wounded.
The deep troll bites you! The deep troll claws you!
The deep troll claws you but does no damage.
You closely miss the deep troll.
The deep troll is heavily wounded.
The deep troll bites you but does no damage.
The deep troll claws you!
* * * LOW HITPOINT WARNING * * *
The deep troll claws you.
* * * LOW HITPOINT WARNING * * *
Blink to where?
Press: ? - help, Q - select action, (/) - cycle Dir - move target
As you read the scroll of blinking, it crumbles to dust.
You draw a card...
You have drawn the Storm.
A fierce wind blows from the card.
The scorpion is knocked back by the gust of wind.
The scorpion slams into the metal wall!
The scorpion is almost dead.
You hear mighty peals of thunder!
You draw a card...
You have drawn Vitriol.
Press: ? - help, Shift-Dir - straight line, f - scorpion
Aim: a scorpion (almost dead)
The glob of acid hits the scorpion!!!
The acid corrodes the scorpion!
You kill the scorpion!
You feel much better. The deep troll barely misses you.
The deep troll claws you. x2
* * * LOW HITPOINT WARNING * * *
You feel much better. The deep troll bites you.
The deep troll barely misses you. x2
You draw a card...
You have drawn the Orb.
Press: ? - help, Shift-Dir - straight line, f - deep troll
Aim: a deep troll (moderately wounded)
Your orb of destruction hits a metal wall. x3
The deep troll bites you but does no damage.
The deep troll claws you!
* * * LOW HITPOINT WARNING * * *
The deep troll claws you.
* * * LOW HITPOINT WARNING * * *
You draw a card...
You have drawn the Swarm.
The deep troll closely misses you. The deep troll claws you.
* * * LOW HITPOINT WARNING * * *
The deep troll claws you.
* * * LOW HITPOINT WARNING * * *
You draw a card...
You have drawn the Rangers.
The deep troll bites you!
* * * LOW HITPOINT WARNING * * *
The deep troll claws you!
You die...
Your body glows with a rainbow of weird colours and disappears.

#.#........##.......#
#'###########.......#
#.......#.)##########
#.###...#)######
#.#.....#)#....#
#.#...#.#'#....#
#.....#.#.c..4.+
#...###y#T#...T#
#......N@.#....#
########### ####


You could see a deep troll (ally target), a friendly naga sharpshooter
(summoned), a friendly centaur warrior (summoned) and a friendly killer bee
(summoned).

Vanquished Creatures
  An orange demon (D)
  A flying skull (D)
  A water moccasin (D)
  A gnoll sergeant (D)
  3 scorpions (D)
  A bullfrog (D)
  2 crimson imps (D)
  A quasit (D)
  An iguana (D)
  2 gnolls (D)
  An adder (D)
  A river rat (D)
  A bat (D)
  An endoplasm (D)
  A giant cockroach (D)
  2 kobolds (D)
  A quokka (D)
  A ball python (D)
23 creatures vanquished.

Notes
Turn   | Place    | Note
-------+----------+-------------------------------------------
     0 | D        | Darkkill the Gargoyle Monk began the quest for the Orb.
     0 | D        | Reached XP level 1. HP: 14/14 MP: 1/1
    19 | D        | Found a bloodstained altar of Trog.
    19 | D        | Found a shimmering blue altar of Sif Muna.
    19 | D        | Found a viscous altar of Jiyva.
    19 | D        | Found a hazy altar of Hepliaklqana.
    19 | D        | Found an opulent altar of Gozag.
    20 | D        | Found a glowing golden altar of the Shining One.
    20 | D        | Found a glowing silver altar of Zin.
    20 | D        | Found a basalt altar of Yredelemnul.
    20 | D        | Found a shimmering altar of Xom.
    20 | D        | Found an ornate altar of the Wu Jian Council.
    20 | D        | Found a sacrificial altar of Ru.
    20 | D        | Found a stormy altar of Qazlal.
    20 | D        | Found an iron altar of Okawaru.
    20 | D        | Found a sparkling altar of Nemelex Xobeh.
    20 | D        | Found a burning altar of Makhleb.
    20 | D        | Found a blossoming altar of Fedhas.
    20 | D        | Found a white marble altar of Elyvilon.
    20 | D        | Found a shadowy altar of Dithmenos.
    20 | D        | Found a snail-covered altar of Cheibriados.
    22 | D        | Found a radiant altar of Vehumet.
    22 | D        | Found a corrupted altar of Lugonu.
    24 | D        | Found an ancient bone altar of Kikubaaqudgha.
    24 | D        | Found a hide-covered altar of Uskayaw.
    24 | D        | Found a broken altar of Ashenzari.
    31 | D        | Became a worshipper of Nemelex Xobeh the Trickster
    31 | D        | Reached * piety under Nemelex Xobeh
    31 | D        | Received a gift from Nemelex Xobeh
    31 | D        | Reached ** piety under Nemelex Xobeh
    81 | D        | Reached XP level 2. HP: 14/20 MP: 2/2
   107 | D        | Noticed a scorpion
   133 | D        | HP: 4/20 [quokka (3)]
   136 | D        | Killed a scorpion
   137 | D        | Reached skill level 5 in Fighting
   137 | D        | Reached skill level 5 in Stealth
   137 | D        | Reached XP level 3. HP: 26/26 MP: 3/3
   137 | D        | Reached XP level 4. HP: 31/31 MP: 4/4
   139 | D        | Reached skill level 5 in Maces & Flails
   143 | D        | Received a gift from Nemelex Xobeh
   289 | D        | Received a gift from Nemelex Xobeh
   300 | D        | Reached *** piety under Nemelex Xobeh
   300 | D        | Noticed a bullfrog
   319 | D        | Noticed a water moccasin
   330 | D        | Killed a bullfrog
   331 | D        | Reached skill level 5 in Dodging
   331 | D        | Reached XP level 5. HP: 30/37 MP: 5/5
   339 | D        | Killed a water moccasin
   340 | D        | Reached XP level 6. HP: 27/44 MP: 6/6
   387 | D        | Noticed a flying skull
   418 | D        | Killed a flying skull
   419 | D        | Reached XP level 7. HP: 15/50 MP: 7/7
   649 | D        | Noticed an orange demon
   649 | D        | Noticed a deep troll
   672 | D        | Killed an orange demon
   673 | D        | Reached skill level 10 in Fighting
   673 | D        | Reached skill level 10 in Stealth
   673 | D        | Reached XP level 8. HP: 48/57 MP: 8/8
   683 | D        | HP: 8/57 [deep troll (13)]
   683 | D        | HP: 2/57 [deep troll (6)]
   691 | D        | HP: 4/57 [deep troll (9)]
   691 | D        | Mangled by a deep troll

Illustrated notes

Levels and vault maps discovered:
D:        pitsprint [storerooms_1, entrance_room_1, metal_vault_1, armoury_2,
          mini_pit_1, grid_room_1, main_hall_1, silver_pit, the_coven_1,
          the_vestibule_1, steel_vault_1, golden_pit, hallway_of_sentries,
          crystal_vault_4, iron_vault_5, final_vault]

Skill      XL: |  1  2  3  4  5  6  7 |
---------------+----------------------+-----
Fighting       | 4 5 6 7 8 10 | 10.2
Dodging        | 3 4 5 6 7 |  7.8
Stealth        | 3 5 6 7 9 10 | 10.7
Maces & Flails | 4 6 7 8 9 |  9.4

Action                     |  1- 3 |  4- 6 |  7- 9 || total
---------------------------+-------+-------+-------++-------
  Melee: Trident           |    20 |    20 |       ||    40
         Mace              |     1 |       |       ||     1
         Quarterstaff      |       |    50 |    48 ||    98
 Invoke: Draw Destruction  |       |       |     3 ||     3
         Draw Summoning    |       |       |     2 ||     2
    Use: Potion            |     1 |     1 |     5 ||     7
         Scroll            |       |       |     1 ||     1
   Stab: Sleeping          |     2 |     1 |     1 ||     4
 Armour: Robe              |    12 |    69 |    27 ||   108
  Dodge: Dodged            |    25 |    71 |    40 ||   136

Table legend: (Time is in decaauts)
 A = Elapsed time spent in this place.
 B = Non-inter-level travel time spent in this place.
 C = Inter-level travel time spent in this place.
 D = Time resting spent in this place.
 E = Time spent auto-exploring this place.
 F = Levels seen in this place.
 G = Mean time per level.
                   A        B        C        D        E       F      G
               +--------+--------+--------+--------+--------+-----+--------+
         Total |    709 |    688 |     21 |    249 |      0 |   1 |  709.0 |
       Dungeon |    709 |    688 |     21 |    249 |      0 |   1 |  709.0 |
               +--------+--------+--------+--------+--------+-----+--------+

Top non-repeatable levels by time:
       D: 709 daAuts

Table legend:
 A = Kills in this place as a percentage of kills in the entire game.
 B = Kills by you in this place as a percentage of kills by you in the entire game.
 C = Kills by friends in this place as a percentage of kills by friends in the entire game.
 D = Other kills in this place as a percentage of other kills in the entire game.
 E = Experience gained in this place as a percentage of experience gained in the entire game.
 F = Experience gained in this place divided by the number of levels of this place that you have seen.
                   A       B       C       D       E      F
               +-------+-------+-------+-------+-------+----------------------
         Total | 100.0 | 100.0 |   N/A |   N/A | 100.0 | 1448.0
       Dungeon | 100.0 | 100.0 |   N/A |   N/A | 100.0 | 1448.0
               +-------+-------+-------+-------+-------+----------------------
